Map: Tours du crépuscule

Players

zidar

  • Race: Zerg Zerg
  • League: Silver
  • Spawn Location: 7:00

Cap - Winner!

  • Race: Terran Terran
  • League: Silver
  • Spawn Location: 1:00

VOD

Have the link to the VOD?

Description

Time

  • Played on: Dec. 16, 2015, 7:56 a.m.
  • Length: 17:16
Show
View Real Time Build Order
Export as new Build Order

zidar Zerg 

Build Orders: Hatch First 

Get SALT Encoding   

  12  0:03  Drone  
  13  0:12  Overlord  
  13  0:17  Drone  
  14  0:30  Drone x2  
  16  0:36  Drone  
  17  0:55  Hatchery  
  16  0:58  Drone  
  17  1:17  Spawning Pool  
  16  1:21  Extractor  
  16  1:22  Drone x2  
  17  1:32  Drone  
  18  1:34  Overlord  
  18  1:52  Drone  
  18  1:58  Drone  
  19  2:03  Queen  
  21  2:10  Queen  
  21  2:14  Zergling x4  
  25  2:28  Zergling x2  
  26  2:32  Metabolic Boost  
  26  2:39  Drone x3  
  29  2:55  Drone x4  
  33  3:00  Overlord  
  33  3:19  Roach Warren  
  32  3:26  Queen x2  
  36  3:34  Drone x5  
  41  3:40  Overlord  
  41  3:42  Overlord  
  41  4:17  Lair  
  41  4:22  Extractor  
  40  4:31  Extractor  
  40  4:32  Roach x6  
  40  4:34  Extractor  
  49  5:27  Drone x2  
  51  5:29  Overlord x3  
  51  5:30  Overlord  
  51  5:39  Evolution Chamber  
  50  5:43  Evolution Chamber  
  49  5:51  Hatchery  
  48  6:00  Glial Reconstitution  
  50  6:04  Roach  
  50  6:05  Roach x13  
  50  6:07  Zergling x4  
  78  6:12  Zerg Ground Armor Level 1  
  78  6:14  Zerg Melee Weapons Level 1  
  78  6:27  Ravager  
  78  6:29  Ravager  
  80  6:35  Drone x3  
  83  6:42  Overlord  
  83  6:43  Overlord  
  83  7:05  Ravager x3  
  83  7:06  Ravager  
  87  7:26  Drone x5  
  87  7:27  Drone x11  
  103  7:34  Zergling x2  
  104  8:00  Overlord  
  104  8:01  Overlord x2  
  104  8:10  Pneumatized Carapace  
  104  8:24  Roach x3  
  104  8:25  Roach x5, Zergling x2  
  104  8:26  Zergling x16  
  129  8:31  Overlord  
  129  8:32  Overlord  
  129  8:53  Ravager  
  129  8:54  Ravager x3  
  129  8:55  Ravager x2  
  135  8:56  Ravager  
  136  9:06  Zerg Ground Armor Level 2  
  136  9:46  Zerg Melee Weapons Level 2, Infestation Pit  
  75  11:07  Ravager  
  67  11:11  Roach  
  67  11:12  Roach x28  
  67  11:13  Roach x13  
  136  11:35  Ravager  
  136  11:36  Ravager x3  
  140  11:49  Extractor  
  140  11:50  Extractor  
  138  11:54  Hive  
  138  12:03  Roach x3  
  138  12:04  Roach  
  138  12:08  Overlord x2  
  146  12:09  Overlord x3  
  146  12:19  Spire  
  145  12:29  Drone x2  
  147  12:30  Drone  
  147  12:36  Ravager x2  
  151  12:37  Ravager  
  151  13:31  Corruptor x3  
  151  13:32  Corruptor x3  
  151  13:33  Corruptor x3  
  169  13:35  Hatchery  
  168  13:46  Ravager  
  168  13:47  Ravager x2  
  171  14:17  Ravager  
  171  14:18  Ravager x3  
  171  14:19  Ravager  
  171  14:20  Ravager  
  171  14:21  Hatchery  
  176  14:40  Corruptor x3  
  56  15:50  Corruptor x2  
  56  15:51  Corruptor x4  
  56  15:52  Corruptor x4  
  76  16:11  Spore Crawler  
  75  16:12  Spore Crawler  
  75  16:13  Spore Crawler  
  75  16:14  Spore Crawler x3  
  75  16:16  Spore Crawler  
  69  16:18  Spore Crawler  
  69  16:20  Spore Crawler  
Show
View Real Time Build Order
Export as new Build Order

Cap Terran - Winner!

Build Orders:  

Get SALT Encoding   

  12  0:02  SCV  
  13  0:14  SCV  
  14  0:19  Supply Depot  
  14  0:26  SCV  
  15  0:41  SCV  
  16  0:44  Barracks  
  16  0:53  SCV  
  17  1:02  Refinery  
  17  1:05  SCV  
  18  1:17  SCV  
  19  1:33  Marine, Supply Depot  
  19  1:36  Orbital Command  
  20  2:00  Command Center  
  20  2:04  SCV  
  21  2:09  Refinery  
  21  2:11  Marine  
  22  2:16  SCV  
  23  2:28  SCV  
  23  2:29  Marine  
  25  2:36  Bunker  
  25  2:40  SCV  
  26  2:47  Marine, Factory  
  27  2:52  SCV  
  28  3:05  Marine  
  29  3:11  SCV  
  30  3:15  Refinery  
  30  3:17  Orbital Command  
  30  3:23  SCV  
  31  3:31  Factory Tech Lab  
  31  3:39  Supply Depot  
  31  3:41  Refinery  
  31  3:44  Marine  
  32  3:55  Supply Depot, Siege Tank  
  35  3:56  Supply Depot  
  35  4:01  Marine  
  36  4:09  Bunker  
  36  4:19  Marine  
  37  4:31  Armory  
  37  4:33  Armory  
  37  4:34  SCV x2  
  39  4:46  SCV x2  
  41  4:57  Starport  
  41  4:58  Starport  
  41  5:00  Starport  
  41  5:04  SCV x2, Engineering Bay  
  43  5:16  SCV x2  
  43  5:20  Supply Depot  
  45  5:26  Terran Ship Weapons Level 1  
  45  5:28  SCV x2  
  47  5:30  Terran Vehicle And Ship Armor Level 1  
  47  5:40  SCV  
  48  5:48  Missile Turret  
  48  5:58  Missile Turret  
  48  6:05  Starport Tech Lab x2  
  48  6:12  Missile Turret, Siege Tank  
  48  6:13  Starport Tech Lab  
  51  6:22  Missile Turret  
  51  6:30  Missile Turret, Banshee  
  51  6:31  Banshee  
  51  6:32  Banshee  
  60  6:34  Cloaking Field  
  60  6:35  Missile Turret  
  60  6:53  Fusion Core  
  60  7:16  Command Center  
  60  7:20  Terran Ship Weapons Level 2  
  60  7:24  Terran Vehicle And Ship Armor Level 2  
  60  7:42  Battlecruiser x2  
  72  7:46  Banshee  
  75  8:12  Supply Depot x2  
  75  8:13  Supply Depot  
  75  8:15  Supply Depot  
  75  8:29  Battlecruiser  
  81  8:35  Supply Depot  
  81  8:36  Bunker  
  81  8:50  Refinery, Supply Depot  
  81  8:52  Supply Depot  
  81  8:54  Refinery  
  81  8:59  Supply Depot  
  81  9:06  Missile Turret  
  81  9:09  Orbital Command  
  81  9:11  SCV x2  
  83  9:18  Missile Turret  
  83  9:20  Missile Turret  
  82  9:42  Bunker  
  82  9:48  Bunker  
  82  9:58  Battlecruiser x2  
  66  10:46  Battlecruiser  
  66  10:58  Orbital Command  
  66  11:02  Battlecruiser x2  
  66  11:03  Hellion  
  80  11:24  Siege Tank  
  83  11:44  Refinery x2  
  83  11:45  Supply Depot  
  83  11:58  SCV x2  
  85  12:07  Siege Tank  
  88  12:09  Supply Depot  
  88  12:11  Supply Depot  
  88  12:21  Supply Depot  
  88  12:31  Battlecruiser x2  
  88  12:32  Supply Depot  
  88  12:35  Supply Depot  
  100  12:42  Battlecruiser  
  106  12:57  Supply Depot  
  106  13:09  Supply Depot  
  106  13:13  Hellbat  
  108  13:25  Bunker  
  108  13:34  Hellbat  
  108  13:35  Battlecruiser  
  108  13:40  Barracks Reactor  
  116  13:56  Hellbat  
  118  14:04  Missile Turret  
  118  14:05  Barracks  
  118  14:07  Barracks, Battlecruiser x2  
  118  14:08  Barracks  
  130  14:20  Hellbat  
  132  14:38  Terran Ship Weapons Level 3  
  132  14:39  Banshee  
  132  14:41  Hellbat  
  137  14:54  Marine x3  
  137  14:55  Supply Depot x2  
  137  14:56  Supply Depot  
  142  15:02  Barracks Tech Lab  
  142  15:05  Barracks Tech Lab  
  140  15:11  Marine, Banshee  
  140  15:12  Marine x2  
  107  15:29  Marine x2  
  108  15:42  Battlecruiser  
  114  15:58  Supply Depot  
  114  15:59  Supply Depot  
  114  16:00  Supply Depot  
  114  16:21  Supply Depot  
  114  16:23  Supply Depot  
Tags
 
Add a new tag
Caveats
  • Supply blocks, unpowered buildings, or Contaminate may cause inaccurate times.
  • Supply counts are checked every 10 seconds.